 Dungeon Crawl Stone Soup version 0.30.0-15-g856e2d3f33 (webtiles) character file.

Game seed: 1094330482165677745

792 Darkkill the Shooter (level 7, -5/61 HPs)
             Began as a Minotaur Hunter on May 18, 2023.
             Slain by a gnoll bouda
             ... wielding a +0 club
              (7 damage)
             ... on level 4 of the Dungeon.
             The game lasted 00:04:17 (3987 turns).

Darkkill the Shooter (Minotaur Hunter)              Turns: 3987, Time: 00:04:18

Health: -5/61      AC:  4    Str: 15    XL:     7   Next: 57%
Magic:  6/6        EV: 14    Int:  6    God:
Gold:   268        SH:  0    Dex: 16    Spells: 6/6 levels left

rFire   . . .        a - +1 shortbow
rCold   . . .        (shield currently unavailable)
rNeg    . . .        c - +1 leather armour
rPois   .            (helmet restricted)
rElec   .            (no cloak)
rCorr   .            (no gloves)
SInv    .            (no boots)
Will    .....        (no amulet)
Stlth   ++           (no ring)
HPRegen 0.30/turn    (no ring)
MPRegen 0.10/turn

%: no passive effects
@: weakened, hasted, very quick
A: horns 2, retaliatory headbutt
a: no special abilities


You were on level 4 of the Dungeon.
You visited 1 branch of the dungeon, and saw 4 of its levels.
You also visited: Sewer.

You collected 268 gold pieces.

Inventory:

Hand Weapons
 a - a +1 shortbow (weapon)
Missiles
 d - 7 poisoned darts
 e - 37 stones
Armour
 c - a +1 leather armour (worn)
 q - a +0 pair of boots
Jewellery
 p - a ring of protection from fire
Scrolls
 b - a scroll of immolation
 k - a scroll of silence {unknown}
Potions
 f - a potion of flight {unknown}
 g - a potion of heal wounds {unknown}
 h - a potion of brilliance {unknown}
 i - a potion of berserk rage {unknown}
 j - a potion of haste
 l - 2 potions of degeneration
 m - a potion of magic {unknown}
 n - a potion of ambrosia {unknown}
 o - 3 potions of might {unknown}


   Skills:
 + Level 5.5 Fighting
 + Level 6.4 Ranged Weapons
 + Level 5.0 Dodging
 + Level 3.8 Stealth


You had 6 spell levels left.
You didn't know any spells.
Your spell library contained the following spells:

 Spells                   Type           Power      Damage    Failure   Level
 Sandblast                Erth           0%         2d4       52%         1
 Lesser Beckoning         Tloc           0%         N/A       67%         2
 Passwall                 Tmut/Erth      0%         N/A       67%         2
 Gell's Gravitas          Tloc           0%         N/A       88%         3
 Ignite Poison            Fire/Tmut/Pois 0%         N/A       88%         3
 Stone Arrow              Conj/Erth      0%         3d7       88%         3
 Teleport Other           Tloc           0%         N/A       88%         3
 Sticky Flame             Conj/Fire      0%         2d3       99%         4
 Ignition                 Fire           0%         3d3       100%        8


Dungeon Overview and Level Annotations

Branches:
Dungeon (4/15)              Sewer (visited)
 Temple: D:4-7

Altars:
Vehumet

Annotations:
D:2 1 runed translucent door, Crazy Yiuf


Innate Abilities, Weirdness & Mutations

You have a pair of horns on your head.
You reflexively headbutt those who attack you in melee.


Message History

Unknown command.
Fire: a) +1 shortbow
Press: ? - help, Q - select action, (/) - cycle Shift-Dir - straight line, f - Ijyb
Aim: Ijyb, wielding a +0 club, wearing a +0 ring mail of poison resistance and carrying a wand of flame (17) (63% to hit)
You shoot an arrow. The arrow hits Ijyb.
Ijyb is lightly wounded.
A gnoll comes into view. It is wielding a +0 whip.
A gnoll comes into view. It is wielding a +0 spear.
Fire: a) +1 shortbow
Press: ? - help, Q - select action, (/) - cycle Shift-Dir - straight line, f/p - Ijyb
Aim: Ijyb, wielding a +0 club, wearing a +0 ring mail of poison resistance and carrying a wand of flame (17) (lightly wounded, 63% to hit)
You shoot an arrow. The arrow hits Ijyb.
Ijyb is moderately wounded.
A gnoll comes into view. It is wielding a +0 spear.
Fire: a) +1 shortbow
Press: ? - help, Q - select action, (/) - cycle Shift-Dir - straight line, f/p - Ijyb
Aim: Ijyb, wielding a +0 club, wearing a +0 ring mail of poison resistance and carrying a wand of flame (17) (moderately wounded, 63% to hit)
You shoot an arrow. The arrow hits Ijyb but does no damage.
Ijyb is moderately wounded.
The gnoll bouda gazes fiercely through you!
You feel your attacks grow feeble. The gnoll bouda misses you.
Ijyb barely misses you. You furiously retaliate!
You headbutt Ijyb. You shoot an arrow.
The arrow hits the gnoll bouda but does no damage.
The gnoll bouda gazes fiercely through you!
You feel as though you will be weak longer.
The gnoll bouda hits you with a +0 club.
The gnoll closely misses you. You furiously retaliate!
You headbutt the gnoll, but do no damage.
You shoot an arrow. The arrow hits the gnoll!
You kill the gnoll!
The gnoll closely misses you. The gnoll bouda barely misses you.
You furiously retaliate!
You headbutt the gnoll bouda. You shoot an arrow.
The arrow hits Ijyb but does no damage.
Ijyb is heavily wounded.
The gnoll hits you from afar with a +0 spear.
The gnoll bouda gazes fiercely through you!
You feel as though you will be weak longer.
The gnoll bouda hits you with a +0 club.
Ijyb hits you with a +0 club.
The gnoll hits you from afar with a +0 spear.
You shoot an arrow. The arrow closely misses Ijyb.
The arrow closely misses the jackal.
The arrow hits the gnoll.
The gnoll is moderately wounded.
The gnoll bouda completely misses you. Ijyb closely misses you.
The gnoll misses you.
You shoot an arrow. The arrow hits Ijyb but does no damage.
Ijyb is heavily wounded.
The gnoll is no longer moving quickly.
Ijyb hits you with a +0 club. The gnoll bouda closely misses you.
The gnoll barely misses you.
The gnoll bouda hits you with a +0 club.
Ijyb zaps a wand.
The puff of flame misses you.
You shoot an arrow. The arrow closely misses Ijyb.
The arrow hits the jackal but does no damage.
The gnoll hits you from afar with a +0 spear.
The gnoll bouda barks out a call to the hunt!
The gnoll picks up the pace!
Ijyb zaps a wand.
The puff of flame hits you.
You shoot an arrow. The arrow hits Ijyb but does no damage.
Ijyb is heavily wounded.
The gnoll is no longer moving quickly.
The gnoll hits you from afar with a +0 spear.
The gnoll bouda misses you. Ijyb completely misses you.
You furiously retaliate!
You headbutt Ijyb. The gnoll closely misses you.
You shoot an arrow. The arrow hits Ijyb.
Ijyb is heavily wounded.
The gnoll bouda hits you with a +0 club!
Ijyb hits you with a +0 club.
* * * LOW HITPOINT WARNING * * *
The gnoll closely misses you.
You shoot an arrow. The arrow barely misses Ijyb.
The arrow hits the jackal but does no damage.
The gnoll is no longer moving quickly.
Ijyb screams, "Die!"
Ijyb barely misses you. You furiously retaliate!
You headbutt Ijyb! The gnoll bouda barely misses you.
The gnoll barely misses you.
You shoot an arrow. The arrow hits Ijyb.
You kill Ijyb!
The gnoll bouda hits you with a +0 club.
* * * LOW HITPOINT WARNING * * *
The gnoll hits you from afar with a +0 spear!
* * * LOW HITPOINT WARNING * * *
The jackal bites you but does no damage.
The gnoll bouda closely misses you.
You shoot an arrow.
The arrow closely misses the gnoll bouda.
The jackal closely misses you. You furiously retaliate!
You headbutt the jackal.
The gnoll hits you from afar with a +0 spear.
* * * LOW HITPOINT WARNING * * *
The gnoll bouda barks out a call to the hunt!
The gnolls pick up the pace!
The jackal misses you.
You feel yourself speed up.
The gnoll hits you from afar with a +0 spear.
* * * LOW HITPOINT WARNING * * *
The jackal barely misses you.
The gnoll bouda hits you with a +0 club!
You die...

#..###.........
#..# #..)......
#.## ##..######
#.# #..# .##
#..# #. ##.##
## #..# #..#
#g@# ##h## #gg#
#g.# #..# #...
#.... ## ...†##
##. ..... #...


You could see a gnoll bouda, 3 gnolls and a jackal.

Vanquished Creatures
  Sigmund (D:2)
  Menkaure (D:4)
  An orc priest (D:3)
  2 iguanas (D:4)
  Ijyb (D:4)
  Natasha (thrice) (D:2)
  Robin (D:3)
  A gnoll (D:4)
  9 adders
  3 worms
  A dart slug (D:4)
  4 orcs (D:3)
  5 bats
  10 endoplasms
  5 giant cockroaches
  14 goblins
  10 hobgoblins
  7 jackals
  5 kobolds
  2 quokkas
  5 ball pythons
  14 frilled lizards
  12 rats
117 creatures vanquished.

Vanquished Creatures (collateral kills)
  Pargi (Sewer)
1 creature vanquished.

Grand Total: 118 creatures vanquished

Notes
Turn   | Place    | Note
-------+----------+-------------------------------------------
     0 | D:1      | Darkkill the Minotaur Hunter began the quest for the Orb.
     0 | D:1      | Reached XP level 1. HP: 18/18 MP: 0/0
    63 | D:1      | Reached skill level 1 in Stealth
   205 | D:1      | Reached XP level 2. HP: 25/25 MP: 1/1
   577 | D:1      | Reached XP level 3. HP: 31/31 MP: 2/2
  1249 | D:2      | Reached XP level 4. HP: 38/38 MP: 3/3
  1303 | D:2      | Noticed Sigmund
  1310 | D:2      | Killed Sigmund
  1311 | D:2      | Reached skill level 5 in Ranged Weapons
  1311 | D:2      | Reached XP level 5. HP: 43/46 MP: 4/4
  1405 | D:2      | Noticed Natasha
  1411 | D:2      | Killed Natasha
  1422 | D:2      | Reached XP level 6. HP: 52/52 MP: 5/5
  1518 | D:2      | Noticed Natasha
  1531 | D:2      | Killed Natasha
  1737 | D:2      | Found a runed translucent door.
  1738 | D:2      | Noticed Crazy Yiuf
  1778 | D:2      | Noticed Natasha
  1785 | D:2      | Killed Natasha
  2283 | D:3      | Noticed Robin
  2308 | D:3      | Killed Robin
  2421 | D:3      | Found a glowing drain.
  2459 | Sewer    | Entered a sewer
  2554 | Sewer    | Noticed Pargi
  2566 | Sewer    | HP: 8/55 [Pargi (6)]
  2578 | Sewer    | HP: 6/55 [Pargi (3)]
  2581 | Sewer    | Killed Pargi
  2582 | Sewer    | Reached skill level 5 in Fighting
  2582 | Sewer    | Reached skill level 6 in Ranged Weapons
  2582 | Sewer    | Reached XP level 7. HP: 6/61 MP: 6/6
  2941 | D:3      | Found a radiant altar of Vehumet.
  3894 | D:4      | Noticed Menkaure
  3899 | D:4      | Killed Menkaure
  3900 | D:4      | Reached skill level 5 in Dodging
  3969 | D:4      | Noticed Ijyb
  3985 | D:4      | Killed Ijyb
  3985 | D:4      | HP: 11/61 [gnoll bouda/+0 club (5)]
  3985 | D:4      | HP: 4/61 [gnoll/+0 spear[a gnoll bouda] (7)]
  3987 | D:4      | Slain by a gnoll bouda

Illustrated notes

Levels and vault maps discovered:
D:1:      spicycebolla_arrival_ecumenical, layout_loops_ring, serial_rivers,
          chequers_serial_rivers_room_a, chequers_serial_rivers_large_a,
          chequers_serial_rivers_micro_a, chequers_serial_rivers_small_a,
          chequers_serial_rivers_micro_c, minmay_lizard_king
D:2:      layout_basic, uniq_natasha, uniq_sigmund, uniq_crazy_yiuf_cottage
D:3:      layout_loops_ring, marbit_many_paths, gup_sewer_entry_glass,
          nrook_campfire, st_stairs_9, minmay_between, uniq_robin
D:4:      layout_layer_cave, uniq_ijyb, uniq_menkaure

Skill      XL: |  1  2  3  4  5  6  7 |
---------------+----------------------+-----
Stealth        | 1 2 3 |  3.8
Fighting       | 3 4 5 |  5.5
Dodging        | 3 4 5 |  5.0
Ranged Weapons | 5 6 |  6.4

Action                     |  1- 3 |  4- 6 |  7- 9 || total
---------------------------+-------+-------+-------++-------
   Fire: Shortbow          |    84 |   148 |    78 ||   310
    Use: Scroll            |       |     6 |     4 ||    10
         Potion            |       |     2 |     1 ||     3
 Armour: Leather armour    |     8 |    26 |     4 ||    38
  Dodge: Dodged            |    31 |    66 |    36 ||   133

Levels and vault maps discovered:
D:1:      spicycebolla_arrival_ecumenical, layout_loops_ring, serial_rivers,
          chequers_serial_rivers_room_a, chequers_serial_rivers_large_a,
          chequers_serial_rivers_micro_a, chequers_serial_rivers_small_a,
          chequers_serial_rivers_micro_c, minmay_lizard_king
D:2:      layout_basic, uniq_natasha, uniq_sigmund, uniq_crazy_yiuf_cottage
D:3:      layout_loops_ring, marbit_many_paths, gup_sewer_entry_glass,
          nrook_campfire, st_stairs_9, minmay_between, uniq_robin
D:4:      layout_layer_cave, uniq_ijyb, uniq_menkaure

Table legend: (Time is in decaauts)
 A = Elapsed time spent in this place.
 B = Non-inter-level travel time spent in this place.
 C = Inter-level travel time spent in this place.
 D = Time resting spent in this place.
 E = Time spent auto-exploring this place.
 F = Levels seen in this place.
 G = Mean time per level.
                   A        B        C        D        E       F      G
               +--------+--------+--------+--------+--------+-----+--------+
         Total |   4090 |   3957 |    133 |    100 |   3254 |   5 |  818.0 |
       Dungeon |   3681 |   3548 |    133 |    100 |   2902 |   4 |  920.2 |
         Sewer |    408 |    408 |      0 |      0 |    352 |   1 |  408.0 |
               +--------+--------+--------+--------+--------+-----+--------+

Top non-repeatable levels by time:
     D:2: 1107 daAuts
     D:1: 1064 daAuts
     D:3: 931 daAuts
     D:4: 577 daAuts
   Sewer: 408 daAuts

Table legend:
 A = Kills in this place as a percentage of kills in the entire game.
 B = Kills by you in this place as a percentage of kills by you in the entire game.
 C = Kills by friends in this place as a percentage of kills by friends in the entire game.
 D = Other kills in this place as a percentage of other kills in the entire game.
 E = Experience gained in this place as a percentage of experience gained in the entire game.
 F = Experience gained in this place divided by the number of levels of this place that you have seen.
                   A       B       C       D       E      F
               +-------+-------+-------+-------+-------+----------------------
         Total | 100.0 | 100.0 | 100.0 |   N/A | 100.0 | 226.4
       Dungeon |  96.6 |  97.4 |   0.0 |   N/A |  87.5 | 247.8
         Sewer |   3.4 |   2.6 | 100.0 |   N/A |  12.5 | 141.0
               +-------+-------+-------+-------+-------+----------------------
